 Dungeon Crawl Stone Soup version 0.27-a0-1525-g1038ab4fd7 (webtiles) character file.

Game seed: 13938341685845846627

75 garrulousMonolith the Shield-Bearer (level 4, 0/31 HPs)
             Began as an Octopode Fighter on July 11, 2021.
             Slain by a gnoll (6 damage)
             ... on level 2 of the Dungeon.
             The game lasted 00:02:37 (2717 turns).

garrulousMonolith the Shield-Bearer (OpFi)          Turns: 2717, Time: 00:02:38

Health: 0/31       AC:  1    Str: 15    XL:     4   Next: 31%
Magic:  4/4        EV: 11    Int: 10    God:
Gold:   113        SH:  9    Dex: 12    Spells: 3/3 levels left

rFire    . . .     SeeInvis .   j - +0 hand axe (elec)
rCold    . . .     Faith    .   b - +0 kite shield
rNeg     . . .     Spirit   .   (helmet restricted)
rPois    .         Reflect  .   (no amulet)
rElec    .         Harm     .   (no ring)
rCorr    .         Rampage  .   (no ring)
Will     .....                  (no ring)
Stlth    +++.......             (no ring)
HPRegen  0.10/turn              (no ring)
MPRegen  0.09/turn              (no ring)
                                (no ring)
                                (no ring)

@: no status effects
A: almost no armour, amphibious, 8 rings, camouflage 1, gelatinous body 1,
(nimble swimmer 1), tentacles
a: no special abilities


You were on level 2 of the Dungeon.
You visited 1 branch of the dungeon, and saw 2 of its levels.

You collected 113 gold pieces.

Inventory:

Hand Weapons
 a - a +0 trident
 h - a +0 hunting sling
 j - a +0 hand axe of electrocution (weapon)
Missiles
 d - 20 poisoned darts (quivered)
 i - 23 sling bullets
Armour
 b - a +0 kite shield (worn)
Jewellery
 g - a +6 ring of strength
Scrolls
 e - 4 scrolls of identify {unknown}
Potions
 c - a potion of might
 f - a potion of invisibility {unknown}
 k - a potion of brilliance {unknown}


   Skills:
 + Level 3.2 Fighting
 * Level 2.8 Polearms
 + Level 3.2 Dodging
 + Level 2.0 Stealth
 * Level 3.7 Shields


You had 3 spell levels left.
You didn't know any spells.
Your spell library was empty.

Dungeon Overview and Level Annotations

Branches:
Dungeon (2/15)

Altars:

Annotations:
D:2 1 runed translucent door, Crazy Yiuf


Innate Abilities, Weirdness & Mutations

You cannot wear most types of armour.
You are amphibious.
You can wear up to eight rings at the same time.
Your skin changes colour to match your surroundings (Stealth+).
Your rubbery body absorbs attacks. (AC +1, EV +1)
((You are camouflaged near water. (Stealth+)))
You have tentacles for arms and can constrict up to eight enemies at once.


Message History

You see here a bat corpse.
A gnoll is nearby!
Throw: 24 darts (poison)
Press: ? - help, Q - select action Shift-Dir - straight line, f - gnoll
Aim: a gnoll, wielding a +0 spear (wandering, hasn't noticed you, 61% to hit)
You throw a poisoned dart.
The poisoned dart completely misses the gnoll.
The gnoll shouts!
Throw: 23 darts (poison)
Press: ? - help, Q - select action Shift-Dir - straight line, f/p - gnoll
Aim: a gnoll, wielding a +0 spear (61% to hit)
You throw a poisoned dart.
The poisoned dart barely misses the gnoll.
Throw: 22 darts (poison)
Press: ? - help, Q - select action Shift-Dir - straight line, f/p - gnoll
Aim: a gnoll, wielding a +0 spear (61% to hit)
You throw a poisoned dart. The poisoned dart hits the gnoll.
The gnoll is poisoned.
The gnoll looks more healthy.
A gnoll is nearby!
The gnoll hits you from afar with a +0 spear!
Throw: 21 darts (poison)
Press: ? - help, Q - select action Shift-Dir - straight line, f/p - gnoll
Aim: a gnoll, wielding a +0 spear (moderately wounded, 60% to hit)
You throw a poisoned dart.
The poisoned dart closely misses the gnoll.
The gnoll closely misses you. You block the gnoll's attack.
The gnoll shouts!
You hit the gnoll but do no damage. Your grab misses the gnoll.
The gnoll is moderately wounded.
The gnoll hits you with a +0 spear! The gnoll hits you with a +0 spear.
You barely miss the gnoll. You grab the gnoll.
The gnoll is moderately wounded.
You constrict the gnoll. You block the gnoll's attack.
The gnoll hits you from afar with a +0 spear.
* * * LOW HITPOINT WARNING * * *
You release your grip on the gnoll.
The gnoll hits you from afar with a +0 spear.
You die...

####### #.....# ####
#.....######## ## ...###
#.....#......# #. .....#
#########.....#.#########.
(..#.###.....ggg.........#.......
.......g(.######............####.
...#.###..# #@...........# #.
.#....##..# #............# #.
##.#..##..# #............# #.
#.#..##..# #............# #.
#.#..##..# #............# #.
##.#..##..######............####.
...#.........##..................
####.........##....##.......#####
.............##....##.......#


You could see a gnoll.

Vanquished Creatures
  3 adders (D:2)
  A worm (D:2)
  2 dart slugs
  An orc (D:2)
  7 bats
  5 endoplasms
  4 giant cockroaches
  2 goblins
  3 hobgoblins (D:1)
  A quokka (D:1)
  5 ball pythons
  A frilled lizard (D:1)
  4 rats (D:1)
39 creatures vanquished.

Notes
Turn   | Place    | Note
-------+----------+-------------------------------------------
     0 | D:1      | garrulousMonolith the Octopode Fighter began the quest for
                  | the Orb.
     0 | D:1      | Reached XP level 1. HP: 16/16 MP: 1/1
   214 | D:1      | Reached XP level 2. HP: 21/21 MP: 2/2
   505 | D:1      | Reached skill level 1 in Stealth
   827 | D:1      | Reached XP level 3. HP: 26/26 MP: 3/3
  1034 | D:2      | Found a faded altar of an unknown god.
  1655 | D:2      | Found a runed translucent door.
  1656 | D:2      | Noticed Crazy Yiuf
  2048 | D:2      | Reached XP level 4. HP: 19/31 MP: 4/4
  2717 | D:2      | Slain by a gnoll

Illustrated notes

Levels and vault maps discovered:
D:1:      erik_arrival_cave_to_civilisation [erik_arrival_cave_to_temple],
          layout_loops_ring, wad_floor_pattern_untrapped
D:2:      layout_basic, ebering_ecumenical_altar_rust, uniq_crazy_yiuf_cottage

Skill      XL: |  1  2  3  4 |
---------------+-------------+-----
Stealth        | 1 2 |  2.0
Fighting       | |  3.2
Polearms       | |  2.8
Dodging        | |  3.2
Shields        | |  3.7

Action                   |  1- 3 |  4- 6 || total
-------------------------+-------+-------++-------
Melee: Trident           |    51 |       ||    51
       Constrict         |    11 |     4 ||    15
       Tentacles         |     9 |     2 ||    11
       Hand axe          |    20 |    18 ||    38
Throw: Dart              |       |     4 ||     4
 Stab: Sleeping          |    11 |       ||    11
Armor: Skin              |     1 |     2 ||     3
Dodge: Dodged            |    28 |    14 ||    42
Block: Kite shield       |    24 |    10 ||    34

Table legend: (Time is in decaauts)
 A = Elapsed time spent in this place.
 B = Non-inter-level travel time spent in this place.
 C = Inter-level travel time spent in this place.
 D = Time resting spent in this place.
 E = Time spent auto-exploring this place.
 F = Levels seen in this place.
 G = Mean time per level.
                   A        B        C        D        E       F      G
               +--------+--------+--------+--------+--------+-----+--------+
         Total |   2758 |   2667 |     91 |    324 |   1972 |   2 | 1379.0 |
       Dungeon |   2758 |   2667 |     91 |    324 |   1972 |   2 | 1379.0 |
               +--------+--------+--------+--------+--------+-----+--------+

Top non-repeatable levels by time:
     D:2: 1400 daAuts
     D:1: 1358 daAuts
